 Dungeon Crawl Stone Soup version 0.28-a0-620-g539b0f7ac7 (webtiles) character file.

Game seed: 11643283255102612444

59 willcat the Sneak (level 4, 0/35 HPs)
             Began as a Human Delver on Oct 6, 2021.
             Was an Initiate of Fedhas.
             Slain by a centaur zombie (3 damage)
             ... on level 6 of the Dungeon.
             The game lasted 00:01:07 (482 turns).

willcat the Sneak (Human Delver)                     Turns: 482, Time: 00:01:08

Health: 0/35       AC:  3    Str: 12    XL:     4   Next: 22%
Magic:  4/4        EV: 11    Int: 12    God:    Fedhas [......]
Gold:   48         SH:  4    Dex: 14    Spells: 3/3 levels left

rFire   . . .      SeeInvis .   a - +0 short sword
rCold   . . .      Faith    .   l - +0 buckler
rNeg    . . .      Spirit   .   b - +0 leather armour
rPois   .          Reflect  .   (no helmet)
rElec   .          Harm     .   (no cloak)
rCorr   .          Rampage  .   (no gloves)
Will    .....                   (no boots)
Stlth   +++.......              (no amulet)
HPRegen 0.11/turn               (no ring)
MPRegen 0.09/turn               (no ring)

@: flying
A: no striking features
a: Renounce Religion


You were on level 6 of the Dungeon.
You worshipped Fedhas.
Fedhas was noncommittal.
You visited 1 branch of the dungeon, and saw 3 of its levels.

You collected 48 gold pieces.

Inventory:

Hand Weapons
 a - a +0 short sword (weapon)
 i - a +0 war axe
Armour
 b - a +0 leather armour (worn)
 j - a +0 scale mail
 l - a +0 buckler (worn)
Wands
 g - a wand of digging (3)
Scrolls
 c - a scroll of fog
 d - a scroll of magic mapping
 e - a scroll of fear
 h - a scroll of holy word {unknown}


   Skills:
 - Level 3.0 Fighting
 + Level 2.6 Short Blades
 + Level 2.6 Dodging
 + Level 5.4 Stealth
 + Level 1.5 Shields


You had 3 spell levels left.
You didn't know any spells.
Your spell library was empty.

Dungeon Overview and Level Annotations

Branches:
Dungeon (7/15)
 Temple: D:4-7

Altars:
Fedhas
Xom

Shops:
D:6 (

Annotations:
D:6 Grinder


Message History

* * * LOW HITPOINT WARNING * * *
You hit the centaur zombie.
The centaur zombie is moderately damaged.
The centaur zombie hits you but does no damage.
You block the centaur zombie's attack.
You hit the centaur zombie.
The centaur zombie is moderately damaged.
You hit the centaur zombie but do no damage.
The centaur zombie is moderately damaged.
The centaur zombie hits you but does no damage.
The centaur zombie misses you.
You hit the centaur zombie.
The centaur zombie is moderately damaged.
The centaur zombie hits you.
* * * LOW HITPOINT WARNING * * *
The centaur zombie misses you.
Your leather armour prevents you from hitting the centaur zombie.
The centaur zombie is moderately damaged.
You block the centaur zombie's attack. x2
You hit the centaur zombie.
The centaur zombie is moderately damaged.
The centaur zombie hits you.
* * * LOW HITPOINT WARNING * * *
The centaur zombie kicks you but does no damage.
You hit the centaur zombie.
The centaur zombie is heavily damaged.
The centaur zombie hits you but does no damage.
The centaur zombie kicks you but does no damage.
You completely miss the centaur zombie.
The centaur zombie is heavily damaged.
You feel yourself slow down. The centaur zombie barely misses you.
The centaur zombie kicks you.
* * * LOW HITPOINT WARNING * * *
You hit the centaur zombie.
The centaur zombie is heavily damaged.
You block the centaur zombie's attack.
The centaur zombie kicks you but does no damage.
The centaur zombie hits you.
You die...
Fedhas appreciates your contribution to the ecosystem.

#.#. #.. ##.#. #.#
# #####.... #.#
#.#........ #.#
#.##.#.###.... #.#
#............. #.#
####.#.####.## #.#
#.#.# #.#
#@######.#.####.#
#.Z(.....#......#
###############.#
########### #.#
#.........# #.#
#.#.##.##.# #.#
#.#.##.##.### #.##
#.#.#.......###.#.
#.#.#..##.#.##....


You could see a centaur zombie.

Vanquished Creatures
  A bullfrog (D:7)
1 creature vanquished.

Notes
Turn   | Place    | Note
-------+----------+-------------------------------------------
     0 | D:5      | willcat the Human Delver began the quest for the Orb.
     0 | D:5      | Reached XP level 1. HP: 18/18 MP: 1/1
   145 | D:5      | Found a blossoming altar of Fedhas.
   189 | D:5      | Noticed a black bear
   196 | D:5      | Became a worshipper of Fedhas Madash
   226 | D:6      | Found a shimmering altar of Xom.
   248 | D:6      | Found Safym's Weapon Shop.
   415 | D:6      | Noticed Grinder
   435 | D:7      | Noticed an orc warrior
   435 | D:7      | Noticed an orc priest
   435 | D:7      | Noticed an orc priest
   454 | D:7      | Noticed a bullfrog
   459 | D:7      | Killed a bullfrog
   460 | D:7      | Reached skill level 1 in Shields
   460 | D:7      | Reached XP level 2. HP: 7/24 MP: 2/2
   460 | D:7      | Reached XP level 3. HP: 9/29 MP: 3/3
   460 | D:7      | Reached XP level 4. HP: 11/35 MP: 4/4
   463 | D:7      | Noticed a centaur
   482 | D:6      | Slain by a centaur zombie

Illustrated notes

Levels and vault maps discovered:
D:5:      cheibrodos_quashed, layout_loops_ring, mainiacjoe_overflow_boulevard,
          uniq_prince_ribbit1
D:6:      gammafunk_ghost_split, layout_loops_corners, kennysheep_mini,
          minmay_temple_entry_glassed_door, serial_shops, shop, uniq_grinder
D:7:      layout_rooms

Skill      XL: |  1 |
---------------+----+-----
Shields        | 1 |  1.5
Fighting       | |  3.0
Short Blades   | |  2.6
Dodging        | |  2.6
Stealth        | |  5.4

Action                   |  1- 3 |  4- 6 || total
-------------------------+-------+-------++-------
Melee: Short sword       |     2 |    12 ||    14
  Use: Potion            |     2 |       ||     2
 Stab: Sleeping          |     1 |       ||     1
Armor: Leather armour    |       |     7 ||     7
Dodge: Dodged            |     2 |     8 ||    10
Block: Buckler           |       |     4 ||     4

Table legend: (Time is in decaauts)
 A = Elapsed time spent in this place.
 B = Non-inter-level travel time spent in this place.
 C = Inter-level travel time spent in this place.
 D = Time resting spent in this place.
 E = Time spent auto-exploring this place.
 F = Levels seen in this place.
 G = Mean time per level.
                   A        B        C        D        E       F      G
               +--------+--------+--------+--------+--------+-----+--------+
         Total |    462 |    398 |     64 |      0 |    314 |   3 |  154.0 |
       Dungeon |    462 |    398 |     64 |      0 |    314 |   3 |  154.0 |
               +--------+--------+--------+--------+--------+-----+--------+

Top non-repeatable levels by time:
     D:6: 236 daAuts
     D:5: 206 daAuts
     D:7: 20 daAuts
